Map: Oxide LE

Players

silkyjohnson

  • Race: Zerg Zerg
  • League: Platinum
  • Spawn Location: 7:00

DANKCRAFT - Winner!

  • Race: Terran Terran
  • Spawn Location: 1:00

VOD

Have the link to the VOD?

Description

Time

  • Played on: Jan. 7, 2021, 1:14 p.m.
  • Length: 16:06
Show
View Real Time Build Order
Export as new Build Order

silkyjohnson Zerg 

Build Orders: Hatch First 

Get SALT Encoding   

  12  0:01  Drone  
  13  0:10  Drone  
  14  0:16  Overlord  
  14  0:24  Extractor, Drone  
  15  0:35  Drone x2  
  17  0:54  Hatchery  
  17  0:55  Drone  
  17  1:05  Drone  
  18  1:12  Spawning Pool  
  18  1:16  Drone  
  18  1:19  Drone  
  19  1:27  Overlord  
  19  1:33  Extractor  
  19  1:38  Drone  
  19  1:50  Drone  
  20  2:00  Queen  
  23  2:01  Drone  
  23  2:05  Queen  
  23  2:07  Drone  
  26  2:13  Overlord  
  26  2:19  Drone  
  26  2:22  Drone  
  28  2:32  Drone x2  
  30  2:38  Drone  
  30  2:41  Lair  
  31  2:48  Drone  
  32  2:54  Spine Crawler  
  32  2:57  Drone x2  
  33  3:01  Drone  
  34  3:06  Drone  
  34  3:10  Drone  
  36  3:13  Drone x3  
  39  3:24  Drone x4  
  39  3:25  Evolution Chamber  
  42  3:27  Roach Warren  
  42  3:33  Queen  
  43  3:34  Overlord  
  43  3:35  Overlord  
  43  3:43  Extractor  
  43  3:45  Extractor  
  41  3:51  Zerg Missile Weapons Level 1  
  41  3:54  Drone x2  
  43  3:57  Zergling x4  
  45  4:06  Drone  
  45  4:07  Drone x4  
  45  4:08  Drone  
  51  4:14  Glial Reconstitution  
  51  4:19  Roach x4  
  51  4:22  Overlord x2  
  59  4:34  Extractor, Drone x2  
  60  4:40  Hatchery  
  59  4:48  Roach  
  59  4:49  Roach x2  
  67  4:58  Roach x4  
  73  5:05  Roach x2  
  76  5:12  Spine Crawler  
  76  5:14  Overlord x4  
  70  5:22  Spore Crawler  
  70  5:27  Roach x2  
  73  5:34  Roach x3  
  75  5:45  Roach  
  77  5:57  Roach  
  77  6:04  Roach  
  73  6:15  Hydralisk Den  
  64  6:23  Roach x4  
  64  6:24  Queen  
  50  6:40  Queen  
  52  6:47  Roach x2  
  52  6:52  Roach  
  52  6:53  Roach x2  
  62  7:05  Roach  
  66  7:15  Roach  
  68  7:18  Hydralisk  
  68  7:26  Extractor  
  68  7:27  Extractor  
  64  7:34  Hydralisk x2  
  68  7:40  Roach  
  70  7:46  Roach x3  
  76  8:00  Zergling x4  
  76  8:04  Hatchery  
  77  8:06  Hatchery  
  76  8:14  Roach  
  64  8:28  Roach x2  
  64  8:29  Roach x2  
  68  8:39  Hydralisk  
  62  8:49  Hydralisk x2  
  62  8:53  Queen  
  62  8:55  Hydralisk x2  
  72  9:06  Drone x2  
  72  9:07  Drone x3  
  77  9:13  Hydralisk x2  
  81  9:25  Spore Crawler  
  81  9:27  Drone x5  
  81  9:28  Drone  
  86  9:34  Hydralisk  
  86  9:35  Hydralisk  
  86  9:37  Zergling x4  
  86  9:38  Zergling x12  
  97  9:45  Drone x3  
  101  9:52  Drone  
  102  10:01  Hydralisk x3  
  104  10:17  Hydralisk x3  
  105  10:22  Queen  
  105  10:23  Queen  
  109  10:34  Hydralisk  
  109  10:35  Hydralisk x2  
  115  10:42  Hydralisk  
  115  10:48  Drone x4  
  115  10:49  Drone  
  122  10:59  Hydralisk x2  
  126  11:04  Overlord  
  126  11:25  Hydralisk  
  126  11:26  Hydralisk x3  
  126  11:28  Overlord x2  
  134  11:48  Hydralisk x2  
  134  11:49  Hydralisk x5  
  134  11:51  Zergling x2  
  134  11:52  Zergling x2  
  150  12:02  Spore Crawler  
  150  12:04  Spore Crawler  
  137  12:44  Hydralisk x3  
  137  12:45  Hydralisk x4  
  142  12:55  Hydralisk  
  142  12:56  Hydralisk x7  
  117  13:11  Hydralisk  
  117  13:12  Hydralisk x3  
  88  13:22  Hydralisk  
  88  13:23  Hydralisk  
  72  13:32  Hydralisk x2  
  43  13:58  Hydralisk  
  43  13:59  Hydralisk x3  
  47  14:09  Drone x3  
  50  14:18  Drone x2  
  52  14:25  Hydralisk  
  54  14:34  Drone x2  
  54  14:36  Drone  
  57  14:44  Drone x2  
  59  14:47  Drone  
  60  14:55  Hydralisk  
  60  14:56  Hydralisk  
  64  15:09  Hydralisk  
  64  15:10  Hydralisk  
Show
View Real Time Build Order
Export as new Build Order

DANKCRAFT Terran - Winner!

Build Orders: Command Center First (CC) 

Get SALT Encoding   

  12  0:02  SCV  
  13  0:14  SCV  
  14  0:26  SCV  
  15  0:29  Supply Depot  
  15  0:44  Refinery  
  15  0:50  SCV  
  16  1:07  Command Center  
  16  1:24  Barracks  
  16  1:35  Engineering Bay  
  16  1:36  SCV  
  17  1:52  SCV  
  18  1:58  Refinery  
  18  2:19  Supply Depot  
  18  2:22  Planetary Fortress  
  18  2:26  SCV  
  19  2:32  Marine  
  20  2:38  SCV  
  20  2:44  Factory  
  21  2:49  Marine  
  21  2:50  SCV  
  23  3:02  SCV  
  24  3:13  SCV  
  24  3:14  SCV  
  26  3:21  Supply Depot  
  26  3:25  SCV  
  26  3:26  SCV  
  28  3:30  Starport  
  28  3:32  Factory Tech Lab  
  28  3:37  SCV  
  29  3:52  Bunker  
  29  3:54  Siege Tank  
  32  3:56  SCV  
  32  4:00  SCV  
  34  4:07  Supply Depot  
  34  4:08  Marine  
  34  4:09  SCV  
  36  4:20  Liberator  
  36  4:23  SCV  
  40  4:29  Refinery  
  40  4:35  SCV  
  40  4:37  Refinery  
  41  4:43  Supply Depot  
  41  4:47  SCV  
  41  4:51  Barracks  
  42  4:59  Siege Tank  
  45  5:00  SCV x2  
  47  5:12  SCV  
  48  5:22  Liberator  
  51  5:31  Siege Tank  
  54  5:39  Supply Depot  
  54  5:57  SCV  
  55  6:04  Planetary Fortress, Liberator, Siege Tank  
  58  6:09  SCV  
  54  6:21  SCV  
  55  6:33  SCV  
  56  6:45  SCV  
  56  6:46  Siege Tank  
  60  6:55  Command Center  
  60  6:57  SCV, Supply Depot  
  61  7:02  Command Center  
  61  7:09  SCV  
  62  7:21  SCV  
  63  7:25  Starport Tech Lab  
  63  7:28  Siege Tank  
  66  7:33  SCV  
  67  7:38  Supply Depot  
  67  7:43  Supply Depot  
  67  7:45  SCV  
  68  7:58  SCV  
  69  8:00  Siege Tank  
  69  8:01  Starport x2  
  72  8:10  Fusion Core, SCV  
  64  8:32  Siege Tank  
  64  8:42  Liberator  
  64  8:48  Planetary Fortress  
  67  8:58  SCV  
  65  9:05  Widow Mine  
  65  9:07  Starport Tech Lab x2  
  67  9:10  SCV  
  67  9:12  Barracks Reactor  
  68  9:22  SCV  
  69  9:24  Liberator, Refinery  
  69  9:26  Planetary Fortress  
  72  9:31  Battlecruiser  
  72  9:34  SCV  
  79  9:46  SCV  
  80  9:58  SCV  
  81  10:07  Banshee  
  81  10:09  SCV  
  85  10:17  Refinery x2  
  85  10:21  SCV, Hellion x2  
  84  10:24  SCV  
  84  10:26  Refinery  
  86  10:30  Battlecruiser  
  86  10:34  SCV  
  86  10:35  Weapon Refit  
  93  10:36  Battlecruiser, SCV  
  104  10:43  Widow Mine  
  104  10:44  Widow Mine  
  104  10:48  SCV  
  105  11:02  Factory x2  
  105  11:05  Widow Mine x2, Factory  
  109  11:16  Armory  
  109  11:18  Ghost Academy  
  109  11:21  Supply Depot  
  109  11:25  SCV x2  
  111  11:26  Widow Mine x2  
  111  11:27  Supply Depot  
  111  11:28  SCV  
  111  11:29  SCV  
  117  11:37  SCV x2  
  119  11:41  SCV x2  
  119  11:44  Battlecruiser  
  127  11:47  Widow Mine  
  127  11:48  Widow Mine  
  127  11:49  SCV x2  
  127  11:53  SCV x2  
  135  12:03  Battlecruiser  
  141  12:09  Widow Mine x2  
  141  12:13  Supply Depot  
  145  12:15  Supply Depot  
  145  12:17  Supply Depot x2  
  122  13:37  Battlecruiser x3  
  140  14:18  Widow Mine x2  
  140  14:21  Factory Tech Lab  
  144  14:30  Barracks  
  144  14:34  Barracks  
  144  14:35  Personal Cloaking  
  144  14:38  Ghost Academy  
  144  14:39  Widow Mine x2  
  144  14:40  Ghost Academy  
  148  15:00  Widow Mine x2  
Tags
 
Add a new tag
Caveats
  • Supply blocks, unpowered buildings, or Contaminate may cause inaccurate times.
  • Supply counts are checked every 10 seconds.